Map: Ascension to Aiur LE

Players

DrMuerte

  • Race: Zerg Zerg
  • League: Platinum
  • Spawn Location: 5:00

EvOViRuS - Winner!

  • Race: Protoss Protoss
  • League: Platinum
  • Spawn Location: 11:00

VOD

Have the link to the VOD?

Description

Time

  • Played on: Sept. 5, 2017, 12:34 a.m.
  • Length: 6:28
Show
View Real Time Build Order
Export as new Build Order

DrMuerte Zerg 

Build Orders: Hatch First 

Get SALT Encoding   

  12  0:01  Drone  
  13  0:12  Overlord  
  13  0:18  Drone  
  14  0:31  Drone  
  14  0:32  Drone  
  16  0:37  Drone  
  17  0:53  Hatchery  
  16  0:58  Extractor, Drone  
  16  1:08  Drone x2  
  18  1:23  Spawning Pool  
  17  1:27  Drone  
  17  1:29  Drone  
  19  1:40  Overlord  
  19  1:51  Drone  
  20  2:10  Metabolic Boost, Queen x2  
  20  2:12  Drone  
  25  2:19  Zergling x4  
  27  2:23  Drone  
  28  2:42  Drone  
  29  2:48  Hatchery  
  28  2:52  Overlord  
  28  2:54  Drone x2  
  30  3:05  Drone x3  
  33  3:07  Drone  
  33  3:09  Drone  
  35  3:15  Extractor  
  35  3:16  Drone  
  35  3:25  Baneling Nest  
  35  3:26  Drone x2  
  35  3:27  Drone  
  37  3:28  Drone  
  38  3:38  Overlord  
  38  3:42  Drone x2  
  38  3:43  Drone x2  
  42  3:49  Evolution Chamber  
  42  3:50  Overlord  
  41  4:00  Queen  
  41  4:01  Drone  
  41  4:02  Drone x2  
  46  4:04  Drone  
  46  4:07  Zergling x2  
  48  4:12  Extractor  
  48  4:13  Drone x2  
  48  4:14  Drone  
  50  4:22  Zerg Melee Weapons Level 1  
  50  4:23  Drone x3  
  53  4:31  Drone x2  
  53  4:32  Drone  
  53  4:34  Lair  
  53  4:35  Zergling x2  
  57  4:39  Overlord  
  57  4:42  Spore Crawler  
  56  4:46  Spore Crawler x2  
  56  4:50  Drone x3  
  57  4:57  Extractor, Drone x3  
  57  4:59  Zergling x2  
  60  5:00  Zergling x2  
  61  5:10  Drone x2  
  61  5:11  Drone x3  
  66  5:15  Drone x3  
  66  5:17  Zergling x2  
  66  5:18  Zergling x2  
  66  5:21  Baneling x6  
  71  5:22  Baneling  
  71  5:23  Baneling  
  71  5:27  Zergling x2  
  71  5:28  Zergling x4  
  74  5:33  Baneling x2  
  74  5:34  Zergling x2  
  74  5:42  Zergling x6  
  71  5:43  Zergling x6  
  66  5:52  Zergling x4  
  66  5:53  Zergling x14  
  68  5:58  Zergling x2  
  63  6:05  Baneling  
  63  6:06  Baneling x2  
Show
View Real Time Build Order
Export as new Build Order

EvOViRuS Protoss - Winner!

Build Orders: 1 Gate Expand 

Get SALT Encoding   

  12  0:01  Probe (Chrono Boost)  
  13  0:11  Probe (Chrono Boost)  
  14  0:21  Pylon  
  14  0:22  Probe (Chrono Boost)  
  15  0:39  Probe (Chrono Boost)  
  16  0:43  Gateway  
  16  0:50  Probe (Chrono Boost), Assimilator  
  17  1:01  Probe (Chrono Boost)  
  19  1:11  Probe (Chrono Boost)  
  19  1:26  Nexus  
  19  1:39  Cybernetics Core  
  19  1:44  Assimilator  
  20  1:47  Probe (Chrono Boost)  
  20  1:55  Pylon  
  20  2:02  Zealot (Chrono Boost)  
  20  2:06  Probe (Chrono Boost)  
  23  2:22  Robotics Facility  
  23  2:26  Probe (Chrono Boost)  
  24  2:31  Warp Gate (Chrono Boost)  
  24  2:37  Probe  
  24  2:39  Probe  
  26  2:49  Twilight Council  
  26  2:51  Probe  
  26  2:54  Probe  
  28  3:08  Gateway  
  28  3:09  Probe  
  29  3:14  Warp Prism  
  29  3:18  Charge (Chrono Boost)  
  31  3:25  Gateway  
  31  3:41  Gateway  
  31  3:42  Probe  
  31  3:43  Pylon  
  31  3:44  Probe  
  33  3:55  Immortal (Chrono Boost)  
  37  4:01  Probe x2  
  39  4:07  Gateway  
  39  4:12  Gateway  
  39  4:27  Zealot, Gateway  
  39  4:28  Zealot  
  43  4:33  Gateway  
  43  4:44  Pylon  
  43  4:46  Pylon  
  43  4:47  Probe (Chrono Boost)  
  43  4:49  Zealot x2  
  43  4:51  Zealot  
  50  5:03  Zealot  
  50  5:04  Zealot  
  54  5:13  Zealot x2  
  54  5:14  Zealot x2  
  60  5:17  Pylon  
  60  5:19  Pylon  
  63  5:23  Probe (Chrono Boost)  
  63  5:26  Zealot  
  65  5:35  Probe (Chrono Boost)  
  66  5:42  Zealot  
  64  5:43  Zealot x3  
  64  5:44  Zealot  
  64  5:45  Zealot  
  74  5:55  Zealot x2  
  78  6:03  Zealot  
  78  6:04  Zealot x2  
  82  6:05  Zealot  
  86  6:19  Pylon  
  86  6:21  Pylon  
  86  6:23  Pylon  
Tags
 
Add a new tag
Caveats
  • Supply blocks, unpowered buildings, or Contaminate may cause inaccurate times.
  • Supply counts are checked every 10 seconds.